 Dungeon Crawl Stone Soup version 0.27.0-1-g7a089689b8 (webtiles) character file.

Game seed: 12890317999461610135

4593 mainiacjoe the Geomancer (level 10, -12/63 HPs)
             Began as a Gargoyle Earth Elementalist on Aug 14, 2021.
             Was a Follower of Makhleb.
             Mangled by a white ugly thing (15 damage)
             ... on level 9 of the Dungeon.
             The game lasted 00:35:51 (11896 turns).

mainiacjoe the Geomancer (GrEE)                    Turns: 11896, Time: 00:35:52

Health: -12/63     AC: 21    Str: 18    XL:     10   Next: 41%
Magic:  7/13       EV: 13    Int: 21    God:    Makhleb [*.....]
Gold:   591        SH:  0    Dex: 10    Spells: 3/13 levels left

rFire    . . .     SeeInvis .   w - +1 dagger (drain)
rCold    . . .     Faith    .   (no shield)
rNeg     + . .     Spirit   .   R - +2 leather armour "Tach" {Str+6 Int+2}
rPois    ∞         Reflect  .   T - +0 helmet
rElec    +         Harm     .   C - +2 cloak
rCorr    .         Rampage  .   S - +1 pair of gloves
Will     .....                  U - +2 pair of boots
Stlth    ++........             (no amulet)
HPRegen  0.20/turn              (no ring)
MPRegen  0.13/turn              (no ring)

@: about to teleport, very slightly contaminated
A: sickness immunity, AC +7, negative energy resistance 1, electricity
resistance, torment resistance 1, petrification resistance
a: Renounce Religion


You were on level 9 of the Dungeon.
You worshipped Makhleb.
Makhleb was aware of your devotion.
You visited 2 branches of the dungeon, and saw 10 of its levels.

You collected 1433 gold pieces.
You spent 842 gold pieces at shops.

Inventory:

Hand Weapons
 a - a +1 vampiric lajatang
 b - a +0 hand crossbow
 w - a +1 dagger of draining (weapon)
Missiles
 c - 207 stones
 j - 102 bolts
 p - 22 poisoned darts (quivered)
 q - 34 sling bullets
 t - 10 boomerangs
 x - 2 throwing nets {=F}
 B - 79 arrows
 Q - 5 atropa-tipped darts {=F}
 V - a curare-tipped dart {=F}
Armour
 o - a +0 robe
 C - a +2 cloak (worn)
 K - a +2 ring mail of fire resistance
 M - a +0 buckler
 R - the +2 leather armour "Tach" (worn) {Str+6 Int+2}
   (You bought it in a shop on level 3 of the Dungeon)

   Str:       It affects your strength (+6).
   Int:       It affects your intelligence (+2).
 S - a +1 pair of gloves (worn)
 T - a +0 helmet (worn)
 U - a +2 pair of boots (worn)
Magical Staves
 N - a staff of conjuration
Wands
 h - a wand of flame (13)
 v - a wand of digging (8)
 F - a wand of acid (8)
 P - a wand of mindburst (12)
Scrolls
 g - a scroll of brand weapon {unknown}
 i - a scroll of amnesia {unknown}
 l - a scroll of fog {unknown}
 r - a scroll of holy word
 u - a scroll of noise {unknown}
 y - a scroll of silence {unknown}
 z - a scroll of immolation
 A - 2 scrolls of teleportation
 E - a scroll of enchant armour {unknown}
 H - a scroll of torment {unknown}
 J - a scroll of magic mapping
 O - a scroll of enchant weapon {unknown}
Potions
 d - a potion of invisibility
 e - 2 potions of haste
 f - 2 potions of heal wounds
 k - a potion of berserk rage
 m - 2 potions of brilliance
 n - 5 potions of curing
 s - 2 potions of lignification
 D - a potion of might
 G - 3 potions of attraction {unknown}
 I - a potion of cancellation {unknown}
 L - a potion of degeneration {unknown}


   Skills:
 + Level 7.5 Fighting
 - Level 0.9 Short Blades
 * Level 4.4 Staves
 - Level 5.0 Dodging
 - Level 5.0 Stealth
 - Level 4.0 Shields
 - Level 2.0 Spellcasting
 - Level 5.0 Conjurations
 - Level 2.0 Transmutations
 - Level 10.0 Earth Magic


You had 3 spell levels left.
You knew the following spells:

 Your Spells              Type           Power      Damage    Failure   Level
a - Sandblast             Erth           88%        2d18      1%          1
b - Passwall              Tmut/Erth      22%        N/A       2%          2
c - Stone Arrow           Conj/Erth      66%        3d11      2%          3
d - Petrify               Tmut/Erth      27%        N/A       14%         4

Your spell library contained the following spells:

 Spells                   Type           Power      Damage    Failure   Level
 Sting                    Tmut/Pois      24%        1d4       12%         1
 Pain                     Necr           8%         1d4       17%         1
 Summon Small Mammal      Summ           8%         N/A       17%         1
 Ensorcelled Hibernation  Hex/Ice        4%         N/A       26%         2
 Poisonous Vapours        Pois/Air       4%         N/A       26%         2
 Spider Form              Tmut/Pois      3%         N/A       34%         3
 Call Canine Familiar     Summ           2%         N/A       45%         3
 Summon Guardian Golem    Hex/Summ       2%         N/A       45%         3
 Iskenderun's Battlesphe  Conj           23%        2d8       52%         5
 Olgreb's Toxic Radiance  Pois           2%         N/A       86%         4
 Passage of Golubria      Tloc           N/A        N/A       86%         4
 Fireball                 Conj/Fire      6%         3d5       86%         5
 Agony                    Necr           2%         N/A       99%         5
 Excruciating Wounds      Necr           1%         N/A       99%         5
 Silence                  Hex/Air        1%         N/A       99%         5
 Conjure Ball Lightning   Conj/Air       6%         3x3d6     100%        6
 Shadow Creatures         Summ           N/A        N/A       100%        6
 Orb of Destruction       Conj           11%        9d5       100%        7
 Lehudib's Crystal Spear  Conj/Erth      16%        10d5      100%        8


Dungeon Overview and Level Annotations

Branches:
Dungeon (9/15)             Temple (1/1) D:7
   Lair: D:8-11         Orc: D:9-12

Altars:
Ashenzari
Cheibriados
Dithmenos
Elyvilon
Fedhas
Hepliaklqana
Kikubaaqudgha
Makhleb
Nemelex Xobeh
Okawaru
Qazlal
Ru
Sif Muna
Trog
Uskayaw
Wu Jian
Xom
Yredelemnul
Zin
The Shining One

Shops:
D:3 [   D:4 *

Annotations:
D:8 Gastronok, Harold
D:9 3 runed translucent doors, exclusion: 3 doors, avis's ghost, journeyman DDNe; gimp's ghost, novice TeWr


Innate Abilities, Weirdness & Mutations

You are immune to sickness and miasma.
Your stone body is resilient. (AC +7)
You are immune to poison.
You resist negative energy. (rN+)
You are resistant to electric shocks. (rElec)
You are resistant to unholy torment.
You are immune to petrification.


Message History

Things that are here:
a +0 glaive; a +0 chain mail
j - 102 bolts (gained 1)
Things that are here:
a +0 glaive; a +0 chain mail A white ugly thing comes into view.
The white ugly thing gurgles horribly!
You hear a shout!
You hear an angry buzzing noise.
Found 16 gold pieces.
Casting: Stone Arrow (dangerous; 2% risk of failure)
Confirm with . or Enter, or press ? or * to list all spells.
Aiming: Petrify (dangerous; 14% risk of failure)
Press: ? - help, Shift-Dir - straight line, f - white ugly thing
Aim: a white ugly thing (chance to affect: 38%)
You miscast Petrify.
You are very lightly contaminated with residual magic.
Your body is flooded with distortional energies.
Casting: Petrify (dangerous; 14% risk of failure)
Confirm with . or Enter, or press ? or * to list all spells.
Aiming: Petrify (dangerous; 14% risk of failure)
Press: ? - help, Shift-Dir - straight line, f/p - white ugly thing
Aim: a white ugly thing (chance to affect: 38%)
The white ugly thing is moving more slowly.
You feel the dreadful sensation subside.
You sense an unholy aura.
w - a +1 dagger of draining (weapon)
You hit the white ugly thing but do no damage.
A cyclops comes into view.
The white ugly thing kicks you! The white ugly thing freezes you!!
You hit the white ugly thing. You drain the white ugly thing.
The white ugly thing is lightly wounded.
The white ugly thing kicks you. The white ugly thing freezes you!!
* * * LOW HITPOINT WARNING * * *
Unknown command.
A water moccasin comes into view.
As you read the scroll of teleportation, it crumbles to dust.
You feel strangely unstable. The white ugly thing kicks you.
* * * LOW HITPOINT WARNING * * *
The white ugly thing freezes you!
You die...

......#........#
##)####....
......#........###.## ###
......#.....>..##.#..#
###
......#........#.#.###
#..
#######.........##.##...#
... ..........#.##.#..
... ..........#..#..#.#
... ..........#u.#..?#
... ..........@##.#.##
... ...........##)##.#
### ###.....S..###.##$.
#........##...#C#.
#........###.## . #
#<.......# .## #
#........# . #.......#..#
.


You could see a white ugly thing (drained) and a water moccasin (wandering).

Vanquished Creatures
  Pikel (D:6)
  A gargoyle (D:9)
  Prince Ribbit (D:8)
  A wyvern (D:7)
  A wraith (D:9)
  9 yaks
  A steam dragon (D:6)
  3 orc warriors (D:9)
  A black bear (D:4)
  A centaur (D:9)
  An ogre (D:5)
  2 lemures (D:6)
  A phantom (D:6)
  3 kobold brigands
  A bullfrog (D:7)
  2 scorpions
  4 wights (D:8)
  A howler monkey (D:6)
  4 orc priests
  2 bullfrog skeletons (D:6)
  5 hounds
  2 jellies
  2 orc wizards
  3 iguanas
  A killer bee zombie (D:8)
  8 adders
  A howler monkey skeleton (D:6)
  A white imp (D:7)
  An adder skeleton (D:4)
  A dart slug (D:3)
  20 orcs
  7 bats
  5 endoplasms
  3 giant cockroaches
  9 hobgoblins
  3 jackals (D:1)
  6 quokkas
  3 ball pythons
  5 frilled lizards
  5 goblins
  21 kobolds
  6 rats
159 creatures vanquished.

Vanquished Creatures (others)
  A human (D:8)
1 creature vanquished.

Grand Total: 160 creatures vanquished

Notes
Turn   | Place    | Note
-------+----------+-------------------------------------------
     0 | D:1      | mainiacjoe the Gargoyle Earth Elementalist began the quest
                  | for the Orb.
     0 | D:1      | Reached XP level 1. HP: 10/10 MP: 3/3
   138 | D:1      | Reached XP level 2. HP: 15/15 MP: 1/5
   579 | D:1      | Reached skill level 4 in Earth Magic
  1070 | D:2      | Reached XP level 3. HP: 1/19 MP: 0/6
  1394 | D:2      | Learned a level 3 spell: Stone Arrow
  1397 | D:2      | Learned a level 2 spell: Passwall
  2556 | D:3      | Reached XP level 4. HP: 21/24 MP: 7/7
  2864 | D:3      | Reached XP level 5. HP: 28/28 MP: 2/8
  2982 | D:3      | Reached skill level 5 in Stealth
  2982 | D:3      | Reached skill level 5 in Earth Magic
  2997 | D:3      | Found Emairef's Antique Armour Emporium.
  3521 | D:4      | Noticed a black bear
  3908 | D:4      | Killed a black bear
  3909 | D:4      | Reached skill level 6 in Earth Magic
  3909 | D:4      | Reached XP level 6. HP: 32/32 MP: 3/9
  4170 | D:3      | Bought a buckler for 130 gold pieces
  4600 | D:4      | Found Oreps's Assorted Antiques.
  4608 | D:4      | Bought a coppery potion for 18 gold pieces
  4912 | D:5      | Entered Level 5 of the Dungeon
  4954 | D:5      | Reached skill level 1 in Shields
  4956 | D:5      | Reached skill level 7 in Earth Magic
  5246 | D:5      | Reached XP level 7. HP: 20/36 MP: 7/10
  5995 | D:5      | Reached skill level 1 in Conjurations
  6036 | D:5      | Found a basalt altar of Yredelemnul.
  6248 | D:4      | Bought a scroll labelled FAOLIF BYOQYA for 21 gold pieces
  6248 | D:4      | Bought an inky potion for 18 gold pieces
  6416 | D:4      | Bought a scroll labelled HEITSU ATUNELL for 21 gold pieces
  6495 | D:6      | Noticed a steam dragon
  6506 | D:6      | Killed a steam dragon
  6947 | D:6      | Noticed Pikel
  6960 | D:6      | Killed Pikel
  6961 | D:6      | Reached skill level 5 in Conjurations
  6961 | D:6      | Reached skill level 8 in Earth Magic
  6961 | D:6      | Reached XP level 8. HP: 25/41 MP: 3/11
  7181 | D:6      | Reached skill level 1 in Fighting
  7500 | D:4      | Bought a scroll labelled MUANYS XYLANO for 21 gold pieces
  8059 | D:6      | Learned a level 4 spell: Petrify
  8331 | D:7      | Noticed a wyvern
  8337 | D:7      | Killed a wyvern
  8338 | D:7      | Reached XP level 9. HP: 49/52 MP: 9/12
  8461 | D:7      | Found a stormy altar of Qazlal.
  8652 | D:4      | Bought 3 scrolls labelled MINKAG KIFAJU for 63 gold pieces
  8729 | D:7      | Found a staircase to the Ecumenical Temple.
  8735 | Temple   | Entered the Ecumenical Temple
  8933 | Temple   | Became a worshipper of Makhleb the Destroyer
  8982 | D:7      | Acquired a +1 vampiric lajatang
  9025 | D:7      | Found a broken altar of Ashenzari.
  9502 | D:7      | Acquired a staff of conjuration
  9503 | D:7      | Acquired 1025 gold pieces
  9605 | D:3      | Bought an encrusted leather armour for 203 gold pieces
  9605 | D:3      | Identified the +2 leather armour "Tach" {Str+6 Int+2} (You
                  | bought it in a shop on level 3 of the Dungeon)
  9615 | D:3      | Bought a pair of runed gloves for 217 gold pieces
  9620 | D:3      | Bought a helmet for 130 gold pieces
  9954 | D:8      | Reached skill level 5 in Fighting
 10077 | D:8      | Noticed Gastronok
 10106 | D:8      | Noticed Harold
 10327 | D:8      | Noticed Prince Ribbit
 10345 | D:8      | Killed Prince Ribbit
 10346 | D:8      | Reached skill level 9 in Earth Magic
 10584 | D:8      | Found an ancient bone altar of Kikubaaqudgha.
 10977 | D:9      | Reached skill level 5 in Dodging
 11061 | D:9      | Reached skill level 1 in Staves
 11151 | D:9      | Reached XP level 10. HP: 44/61 MP: 13/13
 11374 | D:9      | Reached skill level 10 in Earth Magic
 11413 | D:9      | Found a runed translucent gate.
 11413 | D:9      | Found a runed translucent gate.
 11413 | D:9      | Found a runed translucent gate.
 11461 | D:9      | Noticed avis's ghost (journeyman DDNe)
 11461 | D:9      | Noticed gimp's ghost (novice TeWr)
 11483 | D:9      | Reached * piety under Makhleb
 11483 | D:9      | Noticed a gargoyle
 11540 | D:9      | Killed a gargoyle
 11873 | D:9      | Noticed a white ugly thing
 11890 | D:9      | Noticed a cyclops
 11896 | D:9      | HP: 3/63 [white ugly thing (4)]
 11896 | D:9      | Mangled by a white ugly thing

Illustrated notes

Levels and vault maps discovered:
D:1:      elethiomel_arrival_shortcut, layout_rooms, serial_forest,
          infiniplex_forest_lined_2, infiniplex_forest_straight_1,
          infiniplex_forest_lined_3, infiniplex_forest_zigzag_1,
          infiniplex_forest_straight_3, infiniplex_forest_diagonal,
          infiniplex_forest_clump_cross, infiniplex_forest_straight_2,
          solitary_fountain
D:2:      layout_basic
D:3:      minmay_inner_zag, layout_basic, serial_shops, shop
D:4:      layout_basic, serial_shops, nicolae_shop_statue_plus
D:5:      layout_loops_corners, nicolae_overflow_crystal_walls
D:6:      minmay_general_purpose_star, layout_loops_corners, uniq_pikel
D:7:      layout_gridville, mainiacjoe_overflow_24_doors,
          mainiacjoe_overflow_chevrons, minmay_temple_entry_sparse_star
D:8:      layout_cave_pools, tgw_kikubaaqudgha, uniq_harold, uniq_gastronok,
          uniq_prince_ribbit1
D:9:      minmay_ornate_pinched, layout_irregular_city,
          gammafunk_ghost_cemetery, uniq_erolcha
Temple:   eino_temple_scatter_basement

Skill      XL: |  1  2  3  4  5  6  7  8  9 10 |
---------------+-------------------------------+-----
Stealth        | 3 4 5 |  5.0
Earth Magic    | 4 6 7 8 9 10 | 10.0
Shields        | 2 4 |  4.0
Conjurations   | 5 |  5.0
Transmutations | 2 |  2.0
Fighting       | 3 6 7 |  7.5
Dodging        | 3 5 |  5.0
Staves         | 2 4 |  4.4
Short Blades   | |  0.9
Spellcasting   | |  2.0

Action                   |  1- 3 |  4- 6 |  7- 9 | 10-12 || total
-------------------------+-------+-------+-------+-------++-------
Melee: Short sword       |   110 |     3 |       |       ||   113
       Dagger            |       |    63 |    39 |     2 ||   104
       Mace              |       |     6 |       |       ||     6
       Flail             |       |    53 |    83 |       ||   136
       Lajatang          |       |       |   115 |    69 ||   184
 Fire: Hand crossbow     |       |       |    19 |    29 ||    48
Throw: Stone             |    34 |     7 |       |       ||    41
       Dart              |       |    16 |    23 |     7 ||    46
 Cast: Sandblast         |    13 |    28 |    42 |     3 ||    86
       Passwall          |     4 |     5 |     5 |       ||    14
       Stone Arrow       |       |     3 |     8 |     1 ||    12
       Petrify           |       |       |       |     1 ||     1
Evoke: Wand              |       |       |     1 |       ||     1
  Use: Scroll            |       |       |    18 |     1 ||    19
       Potion            |       |       |     1 |       ||     1
 Stab: Sleeping          |     5 |    16 |     8 |       ||    29
Armor: Robe              |    33 |    62 |    45 |       ||   140
       Leather armour    |       |       |    54 |    29 ||    83
       Ring mail         |       |       |    19 |       ||    19
Dodge: Dodged            |    76 |    89 |   160 |    60 ||   385
Block: Buckler           |       |     9 |    28 |       ||    37
